 Dungeon Crawl Stone Soup version 0.27-a0-887-gcab673c142 (webtiles) character file.

Game seed: 13885843576696499382

16 sizableburger the Skirmisher (level 2, 0/18 HPs)
             Began as a Deep Elf Fighter on Apr 4, 2021.
             Killed by Freeze
             ... generated by an endoplasm
              (5 damage)
             ... on level 1 of the Dungeon.
             The game lasted 00:00:52 (399 turns).

sizableburger the Skirmisher (Deep Elf Fighter)      Turns: 399, Time: 00:00:53

Health: 0/18       AC:  7    Str: 13    XL:     2   Next: 37%
Magic:  4/4        EV:  8    Int: 12    God:
Gold:   40         SH:  0    Dex: 14    Spells: 1/1 levels left

rFire    . . .     SeeInvis .   a - +0 long sword
rCold    . . .     Faith    .   (no shield)
rNeg     . . .     Spirit   .   b - +0 scale mail
rPois    .         Reflect  .   (no helmet)
rElec    .         Harm     .   (no cloak)
rCorr    .         Rampage  .   (no gloves)
Will     .....                  c - +0 pair of boots
Stlth    ..........             (no amulet)
HPRegen  0.06/turn              (no ring)
MPRegen  0.09/turn              (no ring)

@: mighty
A: no striking features
a: no special abilities


You were on level 1 of the Dungeon.
You visited 1 branch of the dungeon, and saw 1 of its levels.

You collected 40 gold pieces.

Inventory:

Hand Weapons
 a - a +0 long sword (weapon)
Armour
 b - a +0 scale mail (worn)
 c - a +0 pair of boots (worn)
Scrolls
 f - a scroll of teleportation {unknown}
Potions
 e - a potion of cancellation {unknown}


   Skills:
 + Level 2.6 Fighting
 + Level 2.1 Long Blades
 + Level 2.6 Armour
 - Level 2.4 Shields


You had one spell level left.
You didn't know any spells.
Your spell library was empty.

Dungeon Overview and Level Annotations

Branches:
Dungeon (1/15)

Altars:


Message History

No target in view!
You start resting.
A ball python comes into view.
A ball python is nearby!
A ball python is nearby!
An endoplasm comes into view.
The endoplasm quivers.
The ball python hisses angrily.
You see here a dart slug corpse.
The ball python bites you but does no damage.
The ball python barely misses you. The ball python bites you.
The ball python grabs you. The ball python constricts you.
You hit the ball python.
The ball python is heavily wounded.
The ball python barely misses you. The ball python constricts you.
You barely miss the ball python.
The ball python is heavily wounded.
The ball python bites you but does no damage.
The ball python constricts you.
The ball python bites you but does no damage.
The ball python constricts you.
You feel very mighty all of a sudden. The ball python bites you.
The ball python constricts you.
You barely miss the ball python.
The ball python is heavily wounded.
The ball python bites you. The ball python constricts you.
The endoplasm hits you but does no damage.
The ball python bites you but does no damage.
The ball python constricts you.
You barely miss the ball python.
The ball python is heavily wounded.
The endoplasm completely misses you. The ball python bites you.
* * * LOW HITPOINT WARNING * * *
The ball python constricts you.
The endoplasm hits you but does no damage.
You slash the ball python!
You kill the ball python!
The endoplasm freezes you.
You are frozen.
You die...

##.....#..............# #
#..............########
#########.##..................
......# #.....#############
......+ +..............
......# #.....†........
......# #....†#########
......# ##+##......... ......#
#@J....... ......## #.........
#####..## #......... ######..#
#......... #<.##..##
##.......# #..#...+ ####.....
#..#..## ..... #..'..# ...
#+##..#


You could see an endoplasm.

Vanquished Creatures
  2 dart slugs (D:1)
  An endoplasm (D:1)
  3 hobgoblins (D:1)
  2 quokkas (D:1)
  3 ball pythons (D:1)
11 creatures vanquished.

Notes
Turn   | Place    | Note
-------+----------+-------------------------------------------
     0 | D:1      | sizableburger the Deep Elf Fighter began the quest for the
                  | Orb.
     0 | D:1      | Reached XP level 1. HP: 13/13 MP: 3/3
   215 | D:1      | Reached XP level 2. HP: 17/18 MP: 4/4
   399 | D:1      | Killed from afar by an endoplasm

Illustrated notes

Levels and vault maps discovered:
D:1:      dpeg_arrival_short_road, layout_basic, serial_shops,
          nicolae_shop_statue_plus, minmay_misc_feat_chi

Skill      XL: |  1 |
---------------+----+-----
Long Blades    | 2 |  2.1
Fighting       | |  2.6
Armour         | |  2.6
Shields        | |  2.4

Action                   || total
-------------------------++-------
Melee: Long sword        ||    33
  Use: Potion            ||     1
Armor: Scale mail        ||    24
Dodge: Dodged            ||    12
       Rpst.: Long sword ||     7

Table legend: (Time is in decaauts)
 A = Elapsed time spent in this place.
 B = Non-inter-level travel time spent in this place.
 C = Inter-level travel time spent in this place.
 D = Time resting spent in this place.
 E = Time spent auto-exploring this place.
 F = Levels seen in this place.
 G = Mean time per level.
                   A        B        C        D        E       F      G
               +--------+--------+--------+--------+--------+-----+--------+
         Total |    408 |    408 |      0 |     66 |    241 |   1 |  408.0 |
       Dungeon |    408 |    408 |      0 |     66 |    241 |   1 |  408.0 |
               +--------+--------+--------+--------+--------+-----+--------+

Top non-repeatable levels by time:
     D:1: 408 daAuts
